 Dungeon Crawl Stone Soup version 0.17.1-3-g152610e (webtiles) character file.

16045 Heskey the Fighter (level 12, -10/73 HPs)
             Began as a Gargoyle Fighter on Mar 20, 2016.
             Was the Champion of Makhleb.
             Hit by a large rock thrown by a cyclops (27 damage)
             ... on level 11 of the Dungeon on Mar 21, 2016.
             The game lasted 00:34:07 (12581 turns).

Heskey the Fighter (Gargoyle Fighter)              Turns: 12581, Time: 00:34:07

Health: -10/73     AC: 17    Str: 23 (25) XL:     12   Next: 33%
Magic:  18/18      EV:  8    Int:  7 (10) God:    Makhleb [******]
Gold:   539        SH:  9    Dex: 11 (12) Spells: 0 memorised, 11 levels left

rFire  . . .     SeeInvis .     C - +4 mace of Mimedakui {crush, Dex+2}
rCold  . . .     Clarity  .     (no armour)
rNeg   + . .     SustAt   .     c - +0 shield
rPois  ∞         Gourm    .     B - +2 helmet
rElec  +         Spirit   .     v - +0 cloak (curse)
rCorr  +         Warding  .     (no gloves)
rMut   .         Stasis   .     n - +2 pair of boots
MR     +....                    l - amulet of resist corrosion
Stlth  +.........               j - +2 ring of strength
                                u - ring of protection from magic

@: very slightly contaminated, starving, hasted, very quick, somewhat resistant
to hostile enchantments, very unstealthy
A: big wings, breathe flames 1, deterioration 1, frail 1, high mp 1, negative
energy resistance 1, electricity resistance, unbreathing, petrification
resistance, rot immunity, AC +8
a: Fly, Minor Destruction, Lesser Servant of Makhleb, Major Destruction, Greater
Servant of Makhleb, Renounce Religion, Breathe Fire


You were on level 11 of the Dungeon.
You worshipped Makhleb.
Makhleb was exalted by your worship.
You were starving.

You visited 1 branch of the dungeon, and saw 12 of its levels.

You collected 794 gold pieces.
You spent 255 gold pieces at shops.

Inventory:

Hand Weapons
 C - the +4 mace of Mimedakui (weapon) {crush, Dex+2}
   (You acquired it on level 10 of the Dungeon)

   It inflicts extra damage upon your enemies.
   It affects your dexterity (+2).
Armour
 c - a +0 shield (worn)
 g - a +0 cloak
 n - a +2 pair of boots (worn)
 v - a cursed +0 cloak (worn)
 B - a +2 helmet (worn)
Jewellery
 a - a +5 ring of evasion
 j - a +2 ring of strength (right hand)
 k - an uncursed ring of ice
 l - an amulet of resist corrosion (around neck)
 u - a ring of protection from magic (left hand)
Wands
 f - a wand of paralysis (10)
 h - a wand of confusion (9)
 q - a wand of digging (11)
 t - a wand of polymorph (1)
 x - a wand of random effects (25)
Scrolls
 i - 6 scrolls of identify
 o - 4 scrolls of recharging
 r - 2 scrolls of enchant armour
 y - a scroll of amnesia
 z - a scroll of blinking
Potions
 m - 3 potions of curing
 p - 2 potions of agility
Miscellaneous
 d - a box of beasts
 F - a fan of gales
Comestibles
 b - a royal jelly
 e - 3 bread rations
 A - 5 meat rations


   Skills:
 * Level 12.8 Fighting
 + Level 11.2 Maces & Flails
 + Level 11.1 Armour
 - Level 3.2 Shields
 * Level 6.7 Invocations
 + Level 0.6 Evocations


You had 11 spell levels left.
You didn't know any spells.

Dungeon Overview and Level Annotations

Branches:
Dungeon (12/15)            Temple (0/1) D:6            Lair (0/8) D:11
    Orc: D:9-12

Altars:
Makhleb
Okawaru
Sif Muna
Yredelemnul
Zin

Shops:
D:8 :   D:11 ?


Innate Abilities, Weirdness & Mutations

You are resistant to torment.
Your stone body is resilient (AC +8).
You are immune to poison.
You resist negative energy.
You are resistant to electric shocks.
You can survive without breathing.
You are immune to petrification.
You are immune to rotting.
Your large and strong wings let you fly indefinitely.
You can breathe flames.
Your body sometimes deteriorates upon taking damage.
You are frail (-10% HP).
You have an increased reservoir of magic (+10% MP).


Message History

The cyclops hits you!
Your body deteriorates!
You feel dopey.
Your shield prevents you from hitting the cyclops.
The cyclops is severely wounded.
You hit the cyclops but do no damage.
The cyclops is severely wounded.
The cyclops hits you! The cyclops hits you!!
* * * LOW HITPOINT WARNING * * *
You hit the cyclops.
The cyclops is almost dead.
You block the cyclops's attack. x2
Drink which item? (? for menu, Esc to quit)
You feel yourself speed up.
You are very lightly contaminated with residual magic.
The cyclops throws a large rock.
The large rock hits you but does no damage.
You see here a large rock.
A cyclops comes into view.
The cyclops throws a large rock.
The large rock hits you!!
You die...

.....#)###.###.###.#.#.#.#
.....##.#.#.#.#.#.#.#.#C#
.....###.###.# #.###.#C#.#
###..##.#.#.#.#.#.###.#.#.#
..#..#.###.# #.# #.#.#.#.#.#
..#..##.# #.#.#.###.###.#.#.#
..#..###.# #.# #.#(#.# #.#.#.#
..#..## #.# #.###.###.# #.#.#.#
..#..#)# #.# #.#@#.# #.# #.#.#.#
..#..##F# #.###.###.# #.# #.#.#.#
..#..# #.# #.#.#.# #.# #.# #.#.#.
###..## #.###.###.# #C# #.# #.#
.....#F# #.#.#.# #.# #.# #. #.
##...##W###.###.# #.# #.# #o#
.#...# #C#.#.# #.# #.# #. #.#.
.#...# #!###[# #)# #$# #$###
.#...############################


You could see 2 cyclopes.

Vanquished Creatures
  Gastronok (D:9)
  Maud (D:10)
  Erica (D:10)
  3 hill giants
  An unseen horror (D:11)
  A cyclops (D:11)
  An ugly thing (D:11)
  2 guardian serpents (D:10)
  Joseph (D:7)
  A centaur skeleton (D:11)
  A merfolk (D:11)
  2 trolls (D:11)
  Prince Ribbit (D:7)
  2 two-headed ogres
  2 hungry ghosts
  A hippogriff (D:11)
  A deep elf fighter (D:11)
  2 steam dragons (D:11)
  A yak (D:10)
  A mottled dragon (D:11)
  A soldier ant (D:11)
  2 wasps
  A water moccasin (D:11)
  4 orc warriors
  A phantom (D:8)
  3 centaurs
  4 ogres
  An eye of draining (D:11)
  6 ice beasts
  A sky beast (D:10)
  A black bear (D:11)
  3 crocodiles
  14 big kobolds
  4 giant frogs
  2 scorpions (D:6)
  A wyvern zombie (D:10)
  A water moccasin skeleton (D:7)
  2 electric eels (D:10)
  4 crimson imps
  A wasp zombie (D:7)
  A giant frog zombie (D:6)
  3 centaur zombies
  3 orc priests
  2 jellies
  7 hounds
  3 giant frog skeletons
  6 orc wizards
  4 iguanas
  6 worker ants
  12 gnolls
  3 river rats (D:11)
  18 adders
  3 shadow imps
  A worm (D:6)
  An adder skeleton (D:5)
  10 giant geckos
  32 orcs
  7 giant cockroaches
  10 hobgoblins
  13 jackals
  52 kobolds
  4 quokkas
  2 ball pythons (D:2)
  17 bats
  A giant gecko skeleton (D:8)
  3 giant newts
  10 goblins
  2 quokka skeletons
  17 rats
337 creatures vanquished.

Vanquished Creatures (collateral kills)
  Fannar (D:11)
  An orc warrior (D:10)
  An orc (D:10)
3 creatures vanquished.

Vanquished Creatures (others)
  A fungus (D:11)
1 creature vanquished.

Grand Total: 341 creatures vanquished

Notes
Turn   | Place    | Note
--------------------------------------------------------------
     0 | D:1      | Heskey the Gargoyle Fighter began the quest for the Orb.
     0 | D:1      | Reached XP level 1. HP: 14/14 MP: 1/1
   114 | D:1      | Reached XP level 2. HP: 17/19 MP: 2/2
   443 | D:2      | Reached XP level 3. HP: 24/24 MP: 3/3
   713 | D:2      | Reached skill level 4 in Fighting
  1014 | D:2      | Found a deep blue altar of Sif Muna.
  1014 | D:2      | Found a burning altar of Makhleb.
  1019 | D:2      | Found an iron altar of Okawaru.
  1144 | D:2      | Became a worshipper of Makhleb the Destroyer
  1280 | D:3      | Reached XP level 4. HP: 25/29 MP: 4/4
  1565 | D:3      | Reached XP level 5. HP: 34/34 MP: 5/5
  1674 | D:3      | Reached * piety under Makhleb
  2245 | D:4      | Reached ** piety under Makhleb
  2384 | D:4      | Reached skill level 5 in Fighting
  2384 | D:4      | Reached XP level 6. HP: 37/40 MP: 6/6
  2436 | D:4      | Found a basalt altar of Yredelemnul.
  2638 | D:4      | Reached skill level 5 in Armour
  2719 | D:4      | Reached *** piety under Makhleb
  2802 | D:4      | Reached skill level 5 in Maces & Flails
  2802 | D:4      | Reached XP level 7. HP: 33/44 MP: 7/7
  3719 | D:5      | Entered Level 5 of the Dungeon
  3799 | D:5      | Reached skill level 6 in Fighting
  3897 | D:5      | Reached **** piety under Makhleb
  3897 | D:5      | Reached XP level 8. HP: 51/51 MP: 8/8
  4691 | D:6      | Reached skill level 7 in Armour
  4759 | D:6      | Found a staircase to the Ecumenical Temple.
  5342 | D:7      | Reached ***** piety under Makhleb
  5642 | D:7      | Gained mutation: You evolve. [potion of mutation]
  5642 | D:7      | Gained mutation: Your large and strong wings let you fly indefinitely. [potion of mutation]
  5642 | D:7      | Gained mutation: You are clumsy. (Dex -2) [potion of mutation]
  5643 | D:7      | Lost mutation: You are clumsy. (Dex -2) [potion of mutation]
  5643 | D:7      | Gained mutation: Your body sometimes deteriorates upon taking damage. [potion of mutation]
  5643 | D:7      | Gained mutation: You have an increased reservoir of magic (+10% MP). [potion of mutation]
  5697 | D:7      | Noticed Prince Ribbit
  5705 | D:7      | Killed Prince Ribbit
  5705 | D:7      | Reached XP level 9. HP: 49/57 MP: 9/9
  5741 | D:7      | Noticed Joseph
  5760 | D:7      | Killed Joseph
  5760 | D:7      | Reached skill level 8 in Armour
  6539 | D:8      | You fall through a shaft for 2 floors!
  6539 | D:10     | Entered Level 10 of the Dungeon
  6685 | D:10     | Noticed a guardian serpent
  6700 | D:10     | Killed a guardian serpent
  6700 | D:10     | Reached skill level 1 in Invocations
  6955 | D:10     | Reached skill level 9 in Armour
  6955 | D:10     | Reached XP level 10. HP: 65/65 MP: 12/12
  7086 | D:9      | Found a glowing silver altar of Zin.
  7187 | D:9      | Noticed Gastronok
  7220 | D:9      | Killed Gastronok
  7310 | D:9      | Reached skill level 10 in Fighting
  7571 | D:8      | Found Lupt's Book Shoppe.
  8464 | D:10     | Noticed a guardian serpent
  8467 | D:10     | Noticed a centaur zombie
  8497 | D:10     | Killed a guardian serpent
  8516 | D:10     | Killed a centaur zombie
  8516 | D:10     | Reached skill level 10 in Armour
  8516 | D:10     | Reached XP level 11. HP: 28/73 MP: 15/15
  8775 | D:10     | Reached skill level 10 in Maces & Flails
  8874 | D:10     | Noticed a hill giant
  8900 | D:10     | Killed a hill giant
  8910 | D:10     | Gained mutation: You are frail (-10% HP). [evolution]
  8910 | D:10     | Lost mutation: You evolve. [end of evolution]
  9104 | D:10     | Noticed Maud
  9131 | D:10     | Killed Maud
  9131 | D:10     | Reached skill level 11 in Fighting
  9131 | D:10     | Reached skill level 5 in Invocations
  9203 | D:10     | Noticed Erica
  9233 | D:10     | Killed Erica
  9245 | D:10     | Identified a scroll of acquirement
  9248 | D:10     | Got a warped mace
  9254 | D:10     | Gained mutation: You can breathe flames. [potion of beneficial mutation]
  9262 | D:10     | Identified the +4 mace of Mimedakui {crush, Dex+2} (You acquired it on level 10 of the Dungeon)
  9595 | D:11     | Noticed a hill giant
  9604 | D:11     | Killed a hill giant
  9748 | D:11     | Reached ****** piety under Makhleb
  9753 | D:11     | Noticed Fannar
  9938 | D:11     | Found Xuom's Magic Scroll Boutique.
  9941 | D:11     | Bought 2 scrolls of enchant armour for 255 gold pieces
 10092 | D:11     | Reached skill level 12 in Fighting
 10132 | D:11     | Killed an unseen horror
 10208 | D:11     | Reached XP level 12. HP: 72/72 MP: 18/18
 10625 | D:11     | Killed Fannar
 12365 | D:11     | Noticed a hill giant
 12376 | D:11     | Killed a hill giant
 12428 | D:11     | Found a staircase to the Lair.
 12581 | D:11     | Hit by a large rock thrown by a cyclops

Action                   |  1- 3 |  4- 6 |  7- 9 | 10-12 || total
-------------------------+-------+-------+-------+-------++-------
Melee: Flail             |    99 |    45 |       |       ||   144
       Mace              |       |   212 |   539 |   805 ||  1556
Invok: Lesser Servant of |       |       |       |     2 ||     2
       Minor Destruction |       |       |       |     1 ||     1
       Greater Servant o |       |       |       |     1 ||     1
Evoke: Wand              |       |       |       |     6 ||     6
  Use: Scroll            |       |     6 |     8 |    10 ||    24
       Potion            |       |     3 |     7 |    10 ||    20
 Stab: Sleeping          |       |       |       |     1 ||     1
       Distracted        |       |       |       |     1 ||     1
  Eat: Chunk             |       |     5 |    12 |     3 ||    20
       Bread ration      |       |     1 |     1 |     1 ||     3
       Royal jelly       |       |       |       |     2 ||     2
       Beef jerky        |       |       |       |     2 ||     2
       Meat ration       |       |       |       |     1 ||     1
